 Dungeon Crawl Stone Soup version 0.29-a0-555-g3b24f45cc1 (webtiles) character file.

Game seed: 7909511727955007044

62 Hound7 the Covered (level 3, 0/33 HPs)
             Began as a Minotaur Fighter on June 8, 2022.
             Slain by a scorpion (6 damage)
             ... on level 4 of the Dungeon.
             The game lasted 00:05:48 (1751 turns).

Hound7 the Covered (Minotaur Fighter)               Turns: 1751, Time: 00:05:48

Health: 0/33       AC:  7    Str: 22    XL:     3   Next: 85%
Magic:  2/2        EV:  9    Int:  5    God:
Gold:   142        SH:  4    Dex:  9    Spells: 2/2 levels left

rFire   . . .      SeeInvis .   a - +0 long sword
rCold   . . .      Faith    .   c - +0 buckler
rNeg    . . .      Spirit   .   b - +0 scale mail
rPois   .          Reflect  .   (helmet restricted)
rElec   .          Harm     .   (no cloak)
rCorr   .          Rampage  .   (no gloves)
Will    .....                   (no boots)
Stlth   ..........              (no amulet)
HPRegen 0.11/turn               (no ring)
MPRegen 0.08/turn               (no ring)

@: no status effects
A: horns 2, retaliatory headbutt
a: no special abilities


You were on level 4 of the Dungeon.
You visited 1 branch of the dungeon, and saw 4 of its levels.

You collected 142 gold pieces.

Inventory:

Hand Weapons
 a - a +0 long sword (weapon)
Armour
 b - a +0 scale mail (worn)
 c - a +0 buckler (worn)
Scrolls
 e - a scroll of fear {unknown}
 g - a scroll of vulnerability {unknown}
 h - a scroll of blinking {unknown}
 j - a scroll of magic mapping {unknown}
 l - a scroll of amnesia {unknown}
Potions
 d - a potion of might
 f - 3 potions of curing {unknown}
 i - a potion of mutation {unknown}
 k - 2 potions of magic {unknown}


   Skills:
 * Level 4.0 Fighting
 * Level 3.0 Long Blades
 * Level 4.4 Armour
 * Level 0.9 Dodging
 * Level 0.7 Stealth
 * Level 4.1 Shields


You had 2 spell levels left.
You didn't know any spells.
Your spell library contained the following spells:

 Spells                   Type           Power      Damage    Failure   Level
 Freeze                   Ice            0%         1d3       87%         1
 Frozen Ramparts          Ice            0%         1d2       99%         3
 Hailstorm                Conj/Ice       0%         3d3       100%        4


Dungeon Overview and Level Annotations

Branches:
Dungeon (4/15)
 Temple: D:4-7

Altars:

Shops:
D:2 =

Annotations:
D:3 Grinder


Innate Abilities, Weirdness & Mutations

You have a pair of horns on your head.
You reflexively headbutt those who attack you in melee.


Message History

Grinder gestures at you. Pain shoots through your body!
You climb upwards.
There is a stone staircase leading down here.
Grinder attacks as you move away! Grinder hits you but does no damage.
Grinder says, "I used to sell toenails on the black market."
Grinder attacks as you move away! Grinder closely misses you.
Grinder attacks as you move away! Grinder hits you but does no damage.
Grinder attacks as you move away! You block Grinder's attack.
Grinder attacks as you move away! Grinder hits you but does no damage.
Grinder gestures at you. Pain shoots through your body!
Grinder gestures at you. You resist with significant effort.
Grinder gestures at you.
You suddenly lose the ability to move!
You can move again.
Grinder gestures at you. Pain shoots through your body!
You see here an adder corpse.
Grinder gestures at you. Pain shoots through your body!
* * * LOW HITPOINT WARNING * * *
There is a stone staircase leading down here.
Grinder gestures at you.
You barely resist.
You climb downwards.
Found 5 gold pieces.
There is a stone staircase leading up here.
A goblin comes into view. It is wielding a +2 dagger of venom.
The goblin shouts!
The goblin closely misses you. You furiously retaliate!
You headbutt the goblin!
You kill the goblin!
Your Long Blades skill increases to level 3!
You block the scorpion's attack. The scorpion attacks as you move away!
The scorpion stings you.
* * * LOW HITPOINT WARNING * * *
The scorpion stings you.
You die...

##### ##...##
##.....#
##......##
##........#
#.....)...#
##............
#...s........#
#.<@........##
#...........#
#...........#
#..........##
#..........#
##........##
#.$......#
##.....###


You could see a scorpion.

Vanquished Creatures
  An adder (D:3)
  A dart slug (D:3)
  8 ball pythons
  4 endoplasms
  3 giant cockroaches
  4 goblins
  2 hobgoblins (D:1)
  10 jackals
  3 quokkas (D:1)
  4 bats
  3 frilled lizards
  A kobold (D:1)
  A rat (D:2)
45 creatures vanquished.

Vanquished Creatures (others)
  2 plants (D:1)
2 creatures vanquished.

Grand Total: 47 creatures vanquished

Notes
Turn   | Place    | Note
-------+----------+-------------------------------------------
     0 | D:1      | Hound7 the Minotaur Fighter began the quest for the Orb.
     0 | D:1      | Reached XP level 1. HP: 19/19 MP: 0/0
   131 | D:1      | Found a faded altar of an unknown god.
   165 | D:1      | Reached XP level 2. HP: 27/27 MP: 1/1
   862 | D:2      | Reached XP level 3. HP: 33/33 MP: 2/2
  1304 | D:2      | Found Qoeminky's Jewellery Shop.
  1712 | D:3      | Noticed Grinder
  1731 | D:3      | Paralysed by Grinder for 3 turns
  1741 | D:4      | Noticed a scorpion
  1751 | D:4      | Slain by a scorpion

Illustrated notes

Levels and vault maps discovered:
D:1:      dpeg_arrival_pits, layout_basic, shapermc_ecumenical_altar_gd,
          serial_park_tiny_1, minmay_curled_crystal, hex_tiny,
          minmay_tromino_mix6
D:2:      layout_loops_ring, serial_shops, nicolae_diamond_shop
D:3:      layout_loops_ring, uniq_pargi, uniq_grinder
D:4:      layout_cave_pods, lemuel_crystal_altar

Skill      XL: |  1  2  3 |
---------------+----------+-----
Armour         | 4 |  4.4
Fighting       | 4 |  4.0
Shields        | 4 |  4.1
Long Blades    | 3 |  3.0
Dodging        | |  0.9
Stealth        | |  0.7

Action                   || total
-------------------------++-------
Melee: Long sword        ||   107
       Headbutt          ||    13
Armor: Scale mail        ||    81
Dodge: Dodged            ||    89
Block: Buckler           ||    44

Table legend: (Time is in decaauts)
 A = Elapsed time spent in this place.
 B = Non-inter-level travel time spent in this place.
 C = Inter-level travel time spent in this place.
 D = Time resting spent in this place.
 E = Time spent auto-exploring this place.
 F = Levels seen in this place.
 G = Mean time per level.
                   A        B        C        D        E       F      G
               +--------+--------+--------+--------+--------+-----+--------+
         Total |   1784 |   1717 |     67 |      0 |   1376 |   4 |  446.0 |
       Dungeon |   1784 |   1717 |     67 |      0 |   1376 |   4 |  446.0 |
               +--------+--------+--------+--------+--------+-----+--------+

Top non-repeatable levels by time:
     D:1: 922 daAuts
     D:2: 750 daAuts
     D:3: 100 daAuts
     D:4: 11 daAuts
